 Dungeon Crawl Stone Soup version 0.30-a0-743-gbfdf073 (webtiles) character file.

Game seed: 2045981755325502425

4317 Vbitz the Cleaver (level 10, -2/90 HPs)
             Began as a Hill Orc Fighter on Feb 6, 2023.
             Slain by Erica
             ... wielding a +2 scimitar of flaming
              (7 damage)
             ... on level 8 of the Dungeon.
             The game lasted 00:15:52 (5713 turns).

Vbitz the Cleaver (Hill Orc Fighter)                Turns: 5713, Time: 00:15:52

Health: -2/90      AC: 12    Str: 23    XL:     10   Next: 33%
Magic:  10/10      EV:  9    Int: 13    God:
Gold:   191        SH:  5    Dex: 14    Spells: 9/9 levels left

rFire   + . .      SeeInvis .    B - +2 war axe (venom)
rCold   . . .      Faith    .    c - +0 buckler
rNeg    . . .      Spirit   .    s - +1 chain mail {Will+}
rPois   .          Reflect  .    (no helmet)
rElec   .          Harm     .    (no cloak)
rCorr   .          Rampage  .    (no gloves)
Will    +++..                    (no boots) Stlth
                                 g - amulet of regeneration
HPRegen 1.15/turn                f - ring of protection from fire
MPRegen 0.12/turn                m - +6 ring of intelligence

@: no status effects
A: agile 1, strong-willed 2, inability to read after injury 1
a: no special abilities


You were on level 8 of the Dungeon.
You visited 1 branch of the dungeon, and saw 8 of its levels.

You collected 401 gold pieces.
You spent 210 gold pieces at shops.

Inventory:

Hand Weapons
 a - a +2 war axe
 r - a +0 dire flail of protection
 B - a +2 war axe of venom (weapon)
 C - a +0 hand axe
Armour
 b - a +0 scale mail
 c - a +0 buckler (worn)
 s - a +1 chain mail of willpower (worn)
Jewellery
 f - a ring of protection from fire (left hand)
 g - an amulet of regeneration (around neck)
 m - a +6 ring of intelligence (right hand)
 E - a ring of flight
Wands
 u - a wand of roots (8)
 v - a wand of flame (32)
 y - a wand of paralysis (12)
Scrolls
 e - 2 scrolls of identify
 h - a scroll of teleportation
 n - a scroll of butterflies
 o - a scroll of fog
 p - a scroll of immolation
 t - 2 scrolls of poison
 w - a scroll of fear {unknown}
 x - a scroll of acquirement {unknown}
Potions
 d - 2 potions of might
 i - 2 potions of cancellation
 j - a potion of curing
 k - 2 potions of brilliance
 l - 2 potions of haste
 q - 2 potions of degeneration
 z - a potion of heal wounds {unknown}
 A - 2 potions of flight
 D - a potion of berserk rage {unknown}


   Skills:
 + Level 8.6 Fighting
 + Level 12.6 Axes
 + Level 9.0 Armour
 + Level 2.1 Dodging
 + Level 1.6 Stealth
 + Level 5.1 Shields


You had 9 spell levels left.
You didn't know any spells.
Your spell library contained the following spells:

 Spells                   Type           Power      Damage    Failure   Level
 Beastly Appendage        Tmut           0%         N/A       94%         1
 Ensorcelled Hibernation  Hex/Ice        0%         N/A       98%         2
 Scorch                   Fire           0%         2d5       98%         2
 Wereblood                Tmut           0%         N/A       98%         2
 Spider Form              Tmut/Pois      0%         N/A       100%        3
 Anguish                  Hex/Necr       0%         N/A       100%        4
 Flame Wave               Conj/Fire      0%         2d4       100%        4
 Summon Cactus Giant      Summ           0%         N/A       100%        6


Dungeon Overview and Level Annotations

Branches:
Dungeon (8/15)             Temple (0/1) D:4
   Lair: D:8-11

Altars:
Cheibriados
Dithmenos
The Shining One

Shops:
D:1 =   D:2 (   D:6 :   D:7 *

Portals:
Sewer: D:5

Annotations:
D:6 2 transporters, alcopop's ghost, novice DrHW
D:8 Erica


Innate Abilities, Weirdness & Mutations

You are agile. (Dex +4, Str/Int -1)
You are highly strong-willed. (Will++)
You occasionally lose the ability to read scrolls when taking damage.


Message History

No target in view!
No target in view!
You feel very sick.
You miss something.
You feel very sick.
You closely miss something.
You feel sick. Something hits you. Something burns you.
You miss something.
You feel sick.
You hear some strange, mumbled words.
A bolt of poison appears from out of thin air!
The bolt of poison hits you!
You are more poisoned.
You slash something!
You feel very sick. Something hits you.
You barely miss something.
You feel very sick. Something hits you.
You hit something.
You feel sick. Something completely misses you.
You miss something.
You feel sick. Something hits you!
* * * LOW HITPOINT WARNING * * *
Something burns you.
* * * LOW HITPOINT WARNING * * *
You hit something.
You feel sick. Something hits you!
* * * LOW HITPOINT WARNING * * *
Something burns you.
* * * LOW HITPOINT WARNING * * *
You hit something.
You feel sick. Something hits you but does no damage.
You barely miss something.
You feel sick. Something hits you.
* * * LOW HITPOINT WARNING * * *
Something burns you.
* * * LOW HITPOINT WARNING * * *
You feel better. Something hits you.
* * * LOW HITPOINT WARNING * * *
You closely miss something. Something hits you!
* * * LOW HITPOINT WARNING * * *
Something burns you.
* * * LOW HITPOINT WARNING * * *
You barely miss something. Something hits you!
You die...

........# ..####..# ..
..♣ .. <......# .. .. ..
##.#..## .... ##.
.....##...# .#. ..
.#..##..... ..#.### ..
...##...... .....#..#
.### ..._.. ###{.......
...##...... ##..@.......
#...##.....+#....##....#
#....## ##.....# ...
#.....## ##......##.. .
#..^...###...........#
##......#....>....#..#
##.....#......##.# .#
#####.....#### .# #
##.#.## ..


There were no monsters in sight!

Vanquished Creatures
  Pikel (D:4)
  Sigmund (D:6)
  A wraith (D:6)
  A steam dragon (D:8)
  Edmund (D:4)
  4 water moccasins (D:7)
  Pargi (D:3)
  A black bear (D:7)
  An ice beast (D:5)
  4 ogres
  A centaur (D:6)
  2 phantoms (D:4)
  3 bullfrogs
  A necrophage (D:7)
  5 scorpions
  10 wights
  5 hounds
  4 orc priests
  4 iguanas
  Natasha (thrice) (D:4)
  6 orc wizards
  7 adders
  A white imp (D:8)
  2 ufetubi (D:4)
  A worm (D:5)
  5 dart slugs
  20 orcs
  7 ball pythons
  4 endoplasms
  4 giant cockroaches
  7 goblins
  5 hobgoblins
  4 jackals
  2 quokkas
  4 bats
  2 frilled lizards
  9 kobolds
  8 rats
  A bush (D:1)
153 creatures vanquished.

Vanquished Creatures (others)
  Eustachio (D:5)
  An ice beast (D:8)
  4 plants
6 creatures vanquished.

Grand Total: 159 creatures vanquished

Notes
Turn   | Place    | Note
-------+----------+-------------------------------------------
     0 | D:1      | Vbitz the Hill Orc Fighter began the quest for the Orb.
     0 | D:1      | Reached XP level 1. HP: 19/19 MP: 1/1
    95 | D:1      | Found Neckit's One-of-a-Kind Rings.
   280 | D:1      | Reached XP level 2. HP: 22/27 MP: 2/2
   455 | D:1      | Reached skill level 3 in Axes
   536 | D:1      | Reached XP level 3. HP: 32/33 MP: 3/3
  1298 | D:2      | Found Riabbus's Antique Weapon Shoppe.
  1343 | D:2      | Gained mutation: You occasionally lose the ability to read
                  | scrolls when taking damage. [potion of mutation]
  1343 | D:2      | Gained mutation: You are agile. (Dex +4, Str/Int -1)
                  | [potion of mutation]
  1343 | D:2      | Gained mutation: You are strong-willed. (Will+) [potion of
                  | mutation]
  1343 | D:2      | Gained mutation: You are highly strong-willed. (Will++)
                  | [potion of mutation]
  2139 | D:3      | Reached skill level 4 in Axes
  2139 | D:3      | Reached XP level 4. HP: 40/40 MP: 4/4
  2304 | D:3      | Noticed Pargi
  2324 | D:3      | Killed Pargi
  2325 | D:3      | Reached skill level 5 in Axes
  2325 | D:3      | Reached XP level 5. HP: 24/47 MP: 5/5
  2427 | D:3      | Found a faded altar of an unknown god.
  2624 | D:4      | Noticed Pikel
  2624 | D:4      | Noticed a lemure
  2624 | D:4      | Noticed a lemure
  2640 | D:4      | Killed Pikel
  2641 | D:4      | Reached skill level 5 in Fighting
  2641 | D:4      | Reached skill level 6 in Axes
  2641 | D:4      | Reached skill level 5 in Armour
  2641 | D:4      | Reached skill level 1 in Dodging
  2641 | D:4      | Reached XP level 6. HP: 8/56 MP: 6/6
  2641 | D:4      | Reached XP level 7. HP: 9/61 MP: 7/7
  2702 | D:4      | Reached skill level 7 in Axes
  2766 | D:4      | Noticed Natasha
  2775 | D:4      | Killed Natasha
  2847 | D:4      | Noticed Natasha
  2855 | D:4      | Killed Natasha
  2929 | D:4      | Found a staircase to the Ecumenical Temple.
  2959 | D:4      | Noticed Natasha
  2965 | D:4      | Killed Natasha
  2969 | D:4      | Reached XP level 8. HP: 64/70 MP: 8/8
  3011 | D:4      | Noticed Edmund
  3034 | D:4      | Killed Edmund
  3320 | D:4      | Reached skill level 8 in Axes
  3542 | D:5      | Entered Level 5 of the Dungeon
  3558 | D:5      | Reached skill level 9 in Axes
  3749 | D:5      | Noticed Eustachio
  3764 | D:5      | Reached skill level 10 in Axes
  3764 | D:5      | Reached XP level 9. HP: 52/78 MP: 9/9
  3772 | D:5      | Killed Eustachio
  4045 | D:5      | Found a snail-covered altar of Cheibriados.
  4103 | D:5      | Found a glowing drain.
  4334 | D:6      | Reached skill level 1 in Stealth
  4403 | D:6      | Found Tafukk's Book Shop.
  4442 | D:6      | Found a shadowy altar of Dithmenos.
  4540 | D:6      | Found a transporter.
  4551 | D:6      | Noticed alcopop's ghost (novice DrHW)
  4553 | D:6      | Noticed a two-headed ogre
  4601 | D:6      | Noticed Sigmund
  4612 | D:6      | Killed Sigmund
  4720 | D:6      | Reached skill level 11 in Axes
  4786 | D:6      | Found a transporter.
  4896 | D:7      | Reached skill level 5 in Shields
  5078 | D:7      | Reached XP level 10. HP: 76/81 MP: 10/10
  5230 | D:7      | Found Woareega's Serpentskin Sales.
  5237 | D:7      | Reached skill level 12 in Axes
  5250 | D:7      | Bought a +2 war axe of venom for 210 gold pieces
  5669 | D:8      | Found a glowing golden altar of the Shining One.
  5691 | D:8      | Noticed Erica
  5712 | D:8      | HP: 4/90 [something (1)]
  5713 | D:8      | Slain by Erica

Illustrated notes

Levels and vault maps discovered:
D:1:      ncdulo_wetmaze, layout_loops_ring, serial_park_tiny_pond,
          minmay_hedge_maze, nicolae_shop_unique_rings, dk_noncrumbling_2
D:2:      layout_basic, serial_shops, nicolae_shop_overgrown_old_shop,
          wander_ebering_terrifying_dragon_lair
D:3:      layout_basic, shapermc_ecumenical_altar_mp_vishouse,
          serial_bayou_pond_a, uniq_pargi
D:4:      layout_basic, minmay_temple_entry_waves, uniq_pikel, uniq_natasha,
          uniq_edmund
D:5:      layout_cave_pools, cheibrodos_worm_habitat, gup_sewer_entry_glass,
          chequers_serial_rivers_large_a, minmay_misc_feat_chi, uniq_eustachio
D:6:      layout_rooms, nicolae_overflow_crystal_walls, serial_shops,
          nicolae_shop_stone, gammafunk_ghost_smash, uniq_sigmund
D:7:      layout_loops_ring, hellmonk_bongcloud_opening, guppyfry_shop_venom
D:8:      layout_rooms, tso_metal_star, mainiacjoe_overflow_cross_hatched,
          hangedman_decor_lopped, serial_bayou_crossing, uniq_erica

Skill      XL: |  1  2  3  4  5  6  7  8  9 10 |
---------------+-------------------------------+-----
Axes           | 3 4 5 6 7 10 11 12 | 12.6
Armour         | 4 5 6 7 8 9 |  9.0
Fighting       | 4 5 6 8 |  8.6
Dodging        | 1 2 |  2.1
Shields        | 4 5 |  5.1
Stealth        | 1 |  1.6

Action                     |  1- 3 |  4- 6 |  7- 9 | 10-12 || total
---------------------------+-------+-------+-------+-------++-------
  Melee: War axe           |   178 |    59 |   320 |    96 ||   653
    Use: Scroll            |     7 |     1 |     5 |       ||    13
         Potion            |     6 |     1 |     2 |     1 ||    10
 Armour: Scale mail        |    59 |    32 |    20 |       ||   111
         Chain mail        |       |       |   109 |    28 ||   137
  Dodge: Dodged            |    38 |    33 |   135 |    33 ||   239
  Block: Buckler           |    33 |    16 |    65 |    17 ||   131

Table legend: (Time is in decaauts)
 A = Elapsed time spent in this place.
 B = Non-inter-level travel time spent in this place.
 C = Inter-level travel time spent in this place.
 D = Time resting spent in this place.
 E = Time spent auto-exploring this place.
 F = Levels seen in this place.
 G = Mean time per level.
                   A        B        C        D        E       F      G
               +--------+--------+--------+--------+--------+-----+--------+
         Total |   5881 |   5783 |     98 |      0 |   4266 |   8 |  735.1 |
       Dungeon |   5881 |   5783 |     98 |      0 |   4266 |   8 |  735.1 |
               +--------+--------+--------+--------+--------+-----+--------+

Top non-repeatable levels by time:
     D:1: 1032 daAuts
     D:4: 973 daAuts
     D:2: 891 daAuts
     D:3: 763 daAuts
     D:7: 762 daAuts
     D:5: 722 daAuts
     D:6: 659 daAuts
     D:8: 75 daAuts
